 Dungeon Crawl Stone Soup version 0.18.1-6-gd335043 (webtiles) character file.

3356 Jerry the Protected (level 9, -2/70 HPs)
             Began as a Demigod Fighter on May 17, 2016.
             Slain by an orc warrior
             ... wielding a +0 long sword
              (19 damage)
             ... on level 7 of the Dungeon.
             The game lasted 00:52:54 (10218 turns).

Jerry the Protected (Demigod Fighter)              Turns: 10218, Time: 00:52:55

Health: -2/70      AC:  6    Str: 23    XL:     9   Next: 45%
Magic:  20/20      EV: 11    Int: 14    God:
Gold:   412        SH:  6    Dex: 17    Spells: 1 memorised, 6 levels left

rFire  . . .     SeeInvis .     y - +3 flail (holy)
rCold  . . .     Gourm    .     m - -1 leather armour (curse)
rNeg   . . .     Faith    .     h - +0 buckler
rPois  .         Spirit   .     (no helmet)
rElec  .         Dismiss  .     (no cloak)
rCorr  .         Reflect  .     (no gloves)
SustAt +         Harm     .     q - +1 pair of boots
MR     .....                    (no amulet)
Stlth  +.........               t - +2 ring of intelligence
                                o - ring of magical power

@: about to teleport, not resistant to hostile enchantments, very unstealthy
A: high mp 1, sustain attributes
a: no special abilities


You were on level 7 of the Dungeon.
You were hungry.

You visited 2 branches of the dungeon, and saw 9 of its levels.

You collected 412 gold pieces.

Inventory:

Hand Weapons
 y - a +3 flail of holy wrath (weapon)
Missiles
 w - 4 tomahawks (quivered)
Armour
 b - a +0 scale mail
 c - a +0 shield
 h - a +0 buckler (worn)
 m - a cursed -1 leather armour (worn)
 q - a +1 pair of boots (worn)
Jewellery
 o - a ring of magical power (left hand)
 t - a +2 ring of intelligence (right hand)
Wands
 d - a wand of lightning (0/15)
 s - a wand of flame (0/48)
 x - a wand of teleportation (1/9)
 E - a wand of flame (24/48)
Scrolls
 e - 2 scrolls of blinking
 j - 2 scrolls of fog
 u - a scroll of magic mapping
 v - a scroll of teleportation
 C - 2 scrolls of immolation
 D - 2 scrolls of identify
Potions
 g - 2 potions of magic
 i - 5 potions of curing
 n - 2 potions of brilliance {unknown}
 z - a potion of heal wounds {unknown}
 A - a potion of agility {unknown}
 B - a potion of degeneration {unknown}
 F - a potion of lignification {unknown}
Books
 l - a book of Fire

   Spells                             Type                      Level
   a - Ignite Poison                  Fire/Transmutation/Poison    3
   b - Fireball                       Conjuration/Fire             5
   c - Bolt of Fire                   Conjuration/Fire             6
   d - Delayed Fireball               Conjuration/Fire             7
   e - Ring of Flames                 Charms/Fire                  7
 p - a book of Burglary

   Spells                             Type                      Level
   a - Swiftness                      Charms/Air                   2
   b - Passwall                       Transmutation/Earth          2
   c - Passage of Golubria            Translocation                4
   d - Lee's Rapid Deconstruction     Earth                        5
   e - Darkness                       Hexes                        6
   f - Invisibility                   Hexes                        6
Comestibles
 a - a royal jelly
 f - 6 bread rations
 r - 2 meat rations


   Skills:
 - Level 3.3 Fighting
 - Level 3.9 Maces & Flails
 + Level 11.3 Armour
 - Level 5.1 Shields


You had 6 spell levels left.
You knew the following spells:

 Your Spells              Type           Power        Failure   Level  Hunger
a - Swiftness             Chrm/Air       #.......     50%         2    ###....


Dungeon Overview and Level Annotations

Branches:
Dungeon (8/15)             Temple (1/1) D:6
   Lair: D:8-11

Shops:
D:4 :   D:6 }   D:8 (


Innate Abilities, Weirdness & Mutations

You have an increased reservoir of magic (+10% MP).
Your attributes are resistant to harm.


Message History

The orc warrior hits you with a long sword!!
You barely miss the orc warrior.
The orc warrior is moderately wounded.
The orc warrior barely misses you.
Drink which item? (? for menu, Esc to quit)
Okay, then.
You barely miss the orc warrior.
The orc warrior is moderately wounded.
You block the orc warrior's attack.
You barely miss the orc warrior.
The orc warrior is moderately wounded.
The orc warrior hits you with a long sword!
* * * LOW HITPOINT WARNING * * *
Evoke which item? (* to show all) (? for menu, Esc to quit)
Okay, then.
Read which item? (? for menu, Esc to quit)
As you read the scroll of teleportation, it crumbles to dust.
You feel strangely unstable.
The orc warrior hits you with a long sword!!
You die...

### #.##############
#............... #.#############.
#.#############.
#######.#.............
#.....(.#.############
############.......#.#
.........)......@o.#.#
.####.############.#.############
...................#.............
.....#####...####################
.[.............................#.
.....#####...#################.#.
.....# #...# #...........#.#.
.....# ##### #.#########.#.#.
.....# #.# #....#.#.##


You could see an orc warrior.

Vanquished Creatures
  The ghost of kotomi the Covered, a novice DsCK of Xom (D:6)
  2 hungry ghosts (D:8)
  Edmund (D:4)
  A sky beast (D:4)
  5 ogres
  A centaur (D:7)
  7 giant frogs
  A gnoll sergeant (D:7)
  A scorpion (D:6)
  4 killer bees (D:7)
  3 crimson imps
  A giant frog zombie (D:7)
  2 hounds
  A quasit (D:7)
  A centaur zombie (D:5)
  A centaur skeleton (D:4)
  4 orc priests
  2 jellies
  2 orc wizards
  A giant frog skeleton (D:8)
  Jessica (D:2)
  An iguana (D:7)
  5 worker ants
  Natasha (thrice) (D:3)
  A hound skeleton (D:4)
  13 gnolls
  16 adders
  2 oozes
  3 adder skeletons
  2 worms
  A dart slug (D:1)
  6 giant geckos
  22 orcs
  2 giant cockroaches
  15 hobgoblins
  12 jackals
  A quokka (D:2)
  3 ball pythons
  3 bats (D:1)
  A giant gecko skeleton (D:8)
  4 giant newts
  12 goblins
  12 kobolds
  5 quokka skeletons
  7 rats
195 creatures vanquished.

Notes
Turn   | Place    | Note
--------------------------------------------------------------
     0 | D:1      | Jerry the Demigod Fighter began the quest for the Orb.
     0 | D:1      | Reached XP level 1. HP: 18/18 MP: 3/3
   377 | D:1      | Reached XP level 2. HP: 25/25 MP: 4/4
   389 | D:1      | Reached skill level 3 in Armour
   762 | D:2      | Reached XP level 3. HP: 24/30 MP: 5/5
  1311 | D:2      | Found a faded altar to an unknown god.
  1619 | D:2      | Reached XP level 4. HP: 24/37 MP: 6/6
  1742 | D:2      | Noticed Jessica
  1759 | D:2      | Killed Jessica
  2036 | D:3      | Noticed Natasha
  2047 | D:3      | Killed Natasha
  2074 | D:3      | Reached XP level 5. HP: 28/42 MP: 7/7
  2143 | D:3      | Reached skill level 4 in Armour
  2168 | D:3      | Found a bloodstained altar of Trog.
  2168 | D:3      | Found a sparkling altar of Nemelex Xobeh.
  2168 | D:3      | Found a glowing silver altar of Zin.
  2629 | D:3      | Noticed Natasha
  2643 | D:3      | Killed Natasha
  2813 | D:3      | Found a bloodstained altar of Trog.
  2903 | D:3      | Noticed Natasha
  2914 | D:3      | Killed Natasha
  3298 | D:4      | Found Sonaj's Book Emporium.
  3345 | D:4      | Reached XP level 6. HP: 50/50 MP: 8/8
  3607 | D:4      | Noticed Edmund
  3616 | D:4      | Killed Edmund
  3616 | D:4      | Reached skill level 5 in Armour
  3837 | D:4      | Reached skill level 5 in Shields
  4012 | D:4      | Reached XP level 7. HP: 56/56 MP: 9/9
  4102 | D:5      | Entered Level 5 of the Dungeon
  4181 | D:5      | Found a burning altar of Makhleb.
  4181 | D:5      | Found a glowing golden altar of the Shining One.
  4182 | D:5      | Found an ancient bone altar of Kikubaaqudgha.
  4246 | D:5      | Found a basalt altar of Yredelemnul.
  4891 | D:5      | Found a stormy altar of Qazlal.
  5049 | D:6      | Noticed kotomi's ghost (novice DsCK)
  5058 | D:5      | Reached skill level 6 in Armour
  5087 | D:6      | Found Ileyneru's Gadget Shop.
  5105 | D:6      | Found a glowing silver altar of Zin.
  5175 | D:6      | Found a staircase to the Ecumenical Temple.
  5331 | D:6      | Found an iron altar of Okawaru.
  5471 | D:6      | Paralysed by kotomi's ghost for 7 turns
  5491 | Temple   | Entered the Ecumenical Temple
  5491 | Temple   | HP: 2/57 [poisoned by an adder]
  5798 | Temple   | Learned a level 2 spell: Swiftness
  5815 | D:6      | Killed kotomi's ghost
  5815 | D:6      | Reached skill level 7 in Armour
  5815 | D:6      | Reached XP level 8. HP: 61/63 MP: 10/10
  6045 | D:6      | Reached skill level 8 in Armour
  6198 | D:6      | Found a white marble altar of Elyvilon.
  6540 | D:6      | Found a snail-covered altar of Cheibriados.
  6835 | D:7      | Found a shattered altar of Ashenzari.
  7006 | D:7      | Reached skill level 9 in Armour
  8227 | D:7      | Reached XP level 9. HP: 68/70 MP: 11/11
  8312 | D:7      | Reached skill level 10 in Armour
  8521 | D:7      | Found a shadowy altar of Dithmenos.
  9333 | D:8      | Found Jaostie's Weapon Boutique.
  9612 | D:8      | Reached skill level 11 in Armour
 10218 | D:7      | Slain by an orc warrior

Skill      XL: |  1  2  3  4  5  6  7  8  9 |
---------------+----------------------------+-----
Maces & Flails | 2 3 |  3.9
Armour         | 3 4 5 7 9 11 | 11.3
Shields        | 3 4 5 |  5.1
Fighting       | 3 |  3.3

Action                   |  1- 3 |  4- 6 |  7- 9 || total
-------------------------+-------+-------+-------++-------
Melee: Flail             |   143 |   242 |   426 ||   811
Throw: Tomahawk          |       |       |     9 ||     9
Evoke: Wand              |       |     4 |    11 ||    15
  Use: Potion            |       |     2 |     2 ||     4
       Scroll            |       |       |    14 ||    14
  Eat: Chunk             |     2 |     6 |    17 ||    25
       Fruit             |       |     2 |       ||     2
       Bread ration      |       |       |     3 ||     3
       Beef jerky        |       |       |     1 ||     1
Armor: Scale mail        |    75 |   107 |   158 ||   340
       Leather armour    |       |       |    34 ||    34
Dodge: Dodged            |    37 |    75 |   173 ||   285
Block: Shield            |    77 |   136 |    54 ||   267
       Buckler           |       |       |    92 ||    92
